 Dungeon Crawl Stone Soup version 0.25.1-8-g42b30a86e7 (webtiles) character file.

Game seed: 15617866122158143268

3752 hawla the Thaumaturge (level 9, -2/70 HPs)
             Began as a Purple Draconian Conjurer on Dec 19, 2020.
             Was a Follower of Ashenzari.
             Splashed by a jelly's acid (8 damage)
             ... on level 8 of the Dungeon.
             The game lasted 00:30:46 (10607 turns).

hawla the Thaumaturge (Purple Draconian Conjurer)  Turns: 10607, Time: 00:30:47

Health: -2/70      AC:  9    Str: 10    XL:     9   Next: 93%
Magic:  11/23      EV: 16    Int: 20    God:    Ashenzari [*.....]
Gold:   525        SH:  0    Dex: 11    Spells: 18/28 levels left

rFire    . . .     SeeInvis .   (no weapon)
rCold    . . .     Gourm    .   (no shield)
rNeg     . . .     Faith    .   (armour unavailable)
rPois    .         Spirit   .   (helmet restricted)
rElec    .         Reflect  .   (no cloak)
rCorr    .         Harm     .   (no gloves)
MR       +....                  c - +1 pair of boots
Stlth    ++........             (no amulet)
HPRegen  0.21/turn              v - +4 ring of evasion
MPRegen  0.18/turn              (no ring)

@: no status effects
A: breathe power, unfitting armour, cold-blooded, AC +7
a: Breathe Dispelling Energy, Curse Item, Scrying, Renounce Religion


You were on level 8 of the Dungeon.
You worshipped Ashenzari.
Ashenzari was aware of your devotion.
You were not hungry.

You visited 2 branches of the dungeon, and saw 9 of its levels.
You also visited: Sewer and Ossuary.

You collected 525 gold pieces.

Inventory:

Armour
 c - a +1 pair of boots (worn)
Jewellery
 v - a +4 ring of evasion (left hand)
Wands
 a - a wand of random effects (35)
 b - a wand of clouds (2)
 i - a wand of polymorph (2)
 u - a wand of digging (7)
Scrolls
 e - 3 scrolls of identify
 g - 7 scrolls of teleportation
 h - 5 scrolls of remove curse
 l - a scroll of fear
 q - 3 scrolls of enchant armour
 s - a scroll of torment {unknown}
 w - a scroll of amnesia
Potions
 d - a potion of lignification
 f - a potion of invisibility
 j - 3 potions of curing
 m - 3 potions of mutation
 n - 3 potions of heal wounds
 p - 3 potions of might
 r - a potion of resistance
 t - a potion of berserk rage {unknown}
Comestibles
 k - 8 rations
 o - 5 chunks of flesh


   Skills:
 * Level 3.4 Fighting
 - Level 2.0 Dodging
 - Level 1.8 Stealth
 - Level 0.1 Unarmed Combat
 * Level 10.4 Spellcasting
 - Level 8.2 Conjurations
 * Level 4.3 Hexes
 - Level 4.7 Translocations
 * Level 3.2 Evocations


You had 18 spell levels left.
You knew the following spells:

 Your Spells              Type           Power        Failure   Level  Hunger
a - Magic Dart            Conj           ####         1%          1    None
b - Searing Ray           Conj           #####.       1%          2    None
c - Iskenderun's Mystic   Conj/Tloc      #####...     4%          4    ##.....
d - Dazzling Flash        Conj/Hex       #####.       1%          3    None

Your spell library contained the following spells:

 Spells                   Type           Power        Failure   Level  Hunger
 Shock                    Conj/Air       ####         1%          1    None
 Fulminant Prism          Conj/Hex       #####.....   4%          4    ##.....
 Summon Small Mammal      Summ           ##..         7%          1    None
 Summon Guardian Golem    Hex/Summ       ###.....     9%          3    None
 Call Imp                 Summ           ##......     10%         2    None
 Call Canine Familiar     Summ           ##......     21%         3    None
 Summon Ice Beast         Ice/Summ       ##......     54%         4    ##.....
 Summon Lightning Spire   Summ/Air       ##......     54%         4    ##.....


Dungeon Overview and Level Annotations

Branches:
Dungeon (8/15)             Temple (1/1) D:4           Sewer (visited)
Ossuary (visited)
   Lair: D:8-11

Altars:
Ashenzari
Cheibriados
Dithmenos
Elyvilon
Fedhas
Gozag
Hepliaklqana
Kikubaaqudgha
Makhleb
Nemelex Xobeh
Okawaru
Qazlal
Ru
Sif Muna
Trog
Uskayaw
Vehumet
Wu Jian
Zin
The Shining One
Lugonu

Shops:
D:4 [

Annotations:
D:3 exclusion: oklob plant


Innate Abilities, Weirdness & Mutations

You can breathe bolts of dispelling energy.
Your rich purple scales are hard. (AC +7)
You cannot fit into any form of body armour.
You are cold-blooded and may be slowed by cold attacks.


Message History

Aim: a centaur warrior, quivering 3 arrows (heavily wounded)
The searing ray hits the centaur warrior!
The centaur warrior is heavily wounded. (Press . to maintain the ray.)
The centaur warrior hits you.
* * * LOW HITPOINT WARNING * * *
The centaur warrior barely misses you. The jelly completely misses you.
The searing ray hits the centaur warrior.
The centaur warrior is severely wounded.
The centaur warrior closely misses you. The jelly misses you.
The searing ray hits the centaur warrior.
The centaur warrior is severely wounded.
The centaur warrior hits you.
* * * LOW HITPOINT WARNING * * *
The centaur warrior hits you!
* * * LOW HITPOINT WARNING * * *
The jelly hits you.
* * * LOW HITPOINT WARNING * * *
You are splashed with acid!
You die...

.. ##....#
#..#.....# ..#.....#
c......# #....)# .
#.†...# ... #....#
.....#########(.#
.)..((..5J@c....#
.....[..###.....#
........# ##.#######
........###........#
...)...............#
###.J..(...........#
#................#
#.......#........#
.# ...#.#........#
#.#


You could see a centaur warrior, a jelly and a crimson imp.

Vanquished Creatures
  A hydra (D:8)
  A hippogriff (D:8)
  Sigmund (D:2)
  Menkaure (D:5)
  An orc warrior (D:7)
  An ogre (D:7)
  3 phantoms
  A centaur (D:7)
  3 big kobolds
  2 bullfrogs
  5 water moccasin zombies (Ossuary)
  A water moccasin skeleton (D:6)
  A scorpion (D:7)
  An electric eel (D:7)
  A bullfrog zombie (D:2)
  2 bullfrog skeletons
  A hound (D:5)
  4 orc priests
  2 centaur skeletons
  2 iguanas
  Jessica (D:2)
  Terence (D:3)
  7 worker ants
  13 orc wizards
  2 big kobold zombies (Ossuary)
  2 mummies (Ossuary)
  Robin (D:2)
  12 adders
  A howler monkey skeleton (D:5)
  3 river rats
  3 shadow imps
  5 oozes
  2 adder skeletons
  10 adder zombies
  4 worms
  3 dart slugs
  3 leopard geckos
  28 orcs
  7 ball pythons
  9 bats
  4 giant cockroaches
  4 gnoll zombies (Ossuary)
  6 goblins
  11 hobgoblins
  9 jackals
  7 quokkas
  4 frilled lizards
  A giant cockroach zombie (D:5)
  6 hobgoblin zombies (Ossuary)
  19 kobolds
  3 kobold zombies (Ossuary)
  4 orc zombies (Ossuary)
  A quokka zombie (D:5)
  8 rats
  2 demonic plants (Temple)
241 creatures vanquished.

Vanquished Creatures (others)
  A dart slug (D:2)
  9 toadstools (D:3)
10 creatures vanquished.

Grand Total: 251 creatures vanquished

Notes
Turn   | Place    | Note
-------+----------+-------------------------------------------
     0 | D:1      | hawla the Draconian Conjurer began the quest for the Orb.
     0 | D:1      | Reached XP level 1. HP: 14/14 MP: 3/3
    79 | D:1      | Reached XP level 2. HP: 13/20 MP: 1/5
    83 | D:1      | Learned a level 2 spell: Searing Ray
   683 | D:1      | Reached XP level 3. HP: 26/26 MP: 3/6
   976 | D:2      | Noticed Sigmund
  1441 | D:2      | Killed Sigmund
  1441 | D:2      | Reached skill level 3 in Spellcasting
  1441 | D:2      | Reached XP level 4. HP: 33/33 MP: 4/8
  1441 | D:2      | Reached XP level 5. HP: 38/38 MP: 4/9
  1447 | D:2      | Learned a level 4 spell: Iskenderun's Mystic Blast
  1636 | D:2      | Noticed Jessica
  1642 | D:2      | Killed Jessica
  1905 | D:2      | Reached XP level 6. HP: 45/45 MP: 7/10
  2158 | D:2      | Reached skill level 1 in Translocations
  2352 | D:2      | Noticed Robin
  2370 | D:2      | Killed Robin
  2634 | D:2      | Found a stormy altar of Qazlal.
  3005 | D:3      | Noticed Terence
  3096 | D:3      | Killed Terence
  3193 | D:3      | Found an ornate altar of the Wu Jian Council.
  3291 | D:3      | Found a shattered altar of Ashenzari.
  3308 | D:3      | Became a worshipper of Ashenzari the Shackled
  3485 | D:3      | Found a blossoming altar of Fedhas.
  3496 | D:3      | Noticed an oklob plant
  3951 | D:4      | Reached skill level 4 in Spellcasting
  4110 | D:4      | Your scales start taking on a rich purple colour.
  4110 | D:4      | Reached XP level 7. HP: 50/50 MP: 11/14
  4122 | D:4      | Learned a level 3 spell: Dazzling Flash
  4166 | D:4      | Found Omefiq's Armour Boutique.
  4188 | D:4      | Found a shadowy altar of Dithmenos.
  4196 | D:4      | Reached skill level 5 in Spellcasting
  4281 | D:4      | Found a glowing drain.
  4304 | D:4      | Reached skill level 1 in Hexes
  4354 | Sewer    | Entered a sewer
  4573 | Sewer    | Reached * piety under Ashenzari
  5697 | D:4      | Found a hazy altar of Hepliaklqana.
  5806 | D:4      | Found a staircase to the Ecumenical Temple.
  5900 | Temple   | Entered the Ecumenical Temple
  6159 | D:5      | Entered Level 5 of the Dungeon
  6159 | D:5      | Noticed Menkaure
  6165 | D:5      | Killed Menkaure
  6165 | D:5      | Reached skill level 6 in Spellcasting
  6165 | D:5      | Reached XP level 8. HP: 53/57 MP: 5/17
  6181 | D:5      | Found a hide-covered altar of Uskayaw.
  6308 | D:5      | Found a sand-covered staircase.
  6319 | Ossuary  | Entered an ossuary
  7620 | D:5      | Reached skill level 7 in Spellcasting
  7958 | D:5      | Reached skill level 1 in Fighting
  7958 | D:5      | Reached skill level 1 in Evocations
  8086 | D:5      | Found a burning altar of Makhleb.
  8552 | D:6      | Found a glowing silver altar of Zin.
  8715 | D:6      | Found a burning altar of Makhleb.
  8998 | D:6      | Reached XP level 9. HP: 64/64 MP: 8/20
  9208 | D:6      | Found a snail-covered altar of Cheibriados.
  9208 | D:6      | Found a bloodstained altar of Trog.
  9365 | D:7      | Reached skill level 8 in Spellcasting
 10175 | D:7      | Found an ancient bone altar of Kikubaaqudgha.
 10206 | D:7      | Found a radiant altar of Vehumet.
 10224 | D:7      | Reached skill level 9 in Spellcasting
 10231 | D:7      | Identified Vehumet's Catalogue of Conjuration
 10344 | D:7      | Found a shimmering blue altar of Sif Muna.
 10576 | D:8      | Noticed a five-headed hydra
 10581 | D:8      | Noticed a centaur warrior
 10585 | D:8      | Killed a five-headed hydra
 10585 | D:8      | Reached skill level 10 in Spellcasting
 10607 | D:8      | Splashed by a jelly's acid

Illustrated notes

Levels and vault maps discovered:
D:1:      ncdulo_lavacross, layout_rooms, st_stairs_12
D:2:      layout_basic, nicolae_qazlal_general_emergency, fountainhead,
          uniq_sigmund, uniq_robin, uniq_jessica
D:3:      layout_rooms, tgw_fedhas, lemuel_crystal_altar,
          evilmike_ruin_ashenzari, hangedman_decor_push, uniq_terence
D:4:      layout_loops_ring, overflow_temple_1_default, grunt_dithmenos_shadows,
          minmay_temple_entry_statues_fountains, portal_sewer_entry_c,
          serial_shops, nicolae_shop_behind_doors, wad_orctagon
D:5:      layout_basic, nicolae_overflow_hidden_temple, first_ration,
          nicolae_ossuary_entry_monument, makhleb_blood_cavern_becter,
          uniq_menkaure
D:6:      layout_rooms, nicolae_overflow_crystal_walls, kennysheep_little_box,
          gammafunk_temple_overflow_statue
D:7:      layout_basic, palyth_temple_overflow_mages, minivault_4
D:8:      minmay_curly_fans, layout_basic, lemuel_zombie_altar_yredelemnul,
          tgw_xom
Temple:   corrupted_temple

Skill      XL: |  1  2  3  4  5  6  7  8  9 |
---------------+----------------------------+-----
Dodging        | 2 |  2.0
Spellcasting   | 3 4 6 7 10 | 10.4
Conjurations   | 6 7 8 |  8.2
Translocations | 1 3 4 |  4.7
Hexes          | 2 4 |  4.3
Fighting       | 1 3 |  3.4
Evocations     | 1 3 |  3.2
Stealth        | |  1.8
Unarmed Combat | |  0.1

Action                   |  1- 3 |  4- 6 |  7- 9 || total
-------------------------+-------+-------+-------++-------
Melee: Unarmed           |    25 |    22 |    72 ||   119
       Tailslap          |     2 |     3 |     7 ||    12
 Cast: Magic Dart        |    38 |    63 |   182 ||   283
       Searing Ray       |     6 |    29 |    80 ||   115
       Iskenderun's Myst |       |       |    33 ||    33
       Dazzling Flash    |       |       |     1 ||     1
Evoke: Wand              |       |       |     5 ||     5
  Use: Potion            |       |     1 |     2 ||     3
       Scroll            |       |       |    16 ||    16
  Eat: Chunk             |     1 |     7 |    21 ||    29
       Ration            |       |     1 |     1 ||     2
Armor: Skin              |     9 |    23 |    61 ||    93
Dodge: Dodged            |    21 |    52 |   135 ||   208
